 Dungeon Crawl Stone Soup version 0.32-a0-666-ge8a88695a4 (webtiles) character file.

Game seed: 16657649266539169049

17445 jasper the Severer (level 12, -6/77 HPs)
             Began as a Minotaur Berserker on Mar 9, 2024.
             Was an Elder of Trog.
             Mangled by a phantasmal warrior (26 damage)
             ... on level 1 of the Abyss.
             The game lasted 00:18:24 (11788 turns).

jasper the Severer (Minotaur Berserker)            Turns: 11788, Time: 00:18:24

Health: -6/77      AC: 23    Str: 20    XL:     12   Next: 18%
Magic:  11/11      EV: 14    Int:  2    God:    Trog [****..]
Gold:   541        SH:  0    Dex: 11    Spells: 11/11 levels left

rFire   + . .        G - +0 battleaxe (flame)
rCold   x . .        (shield currently unavailable)
rNeg    . . .        q - +0 plate armour
rPois   .            (helmet restricted)
rElec   .            O - +2 cloak
rCorr   .            P - +2 pair of gloves
SInv    .            U - +0 pair of boots
Will    .....        (no amulet) Stlth
                     k - +5 ring of evasion
HPRegen 0.32/turn    J - ring of protection from fire
MPRegen 0.12/turn

%: random rage (3%)
@: weak-willed, on berserk cooldown
A: horns 2, retaliatory headbutt, [berserk 1], [dopey 2], [frail 3], [weak 2],
[cold vulnerability 1]
a: Renounce Religion, Berserk, Trog's Hand, Brothers in Arms


You were on level 1 of the Abyss.
You worshipped Trog.
Trog was greatly pleased with you.
You visited 2 branches of the dungeon, and saw 13 of its levels.
You visited the Abyss 1 time.
You also visited: Ossuary.

You collected 664 gold pieces.
You spent 123 gold pieces at shops.

Inventory:

Hand Weapons
 a - a +0 hand axe
 d - a +1 dagger of venom
 n - a +1 war axe of flaming
 p - a +0 short sword
 r - a +1 war axe of venom
 u - a +0 flail
 w - the +7 mace "Laproogim" {vamp, ^Drain rCorr Dex+3}
   (You found it on level 4 of the Dungeon)

   Dex+3:     It affects your dexterity (+3).
   rCorr:     It protects you from acid and corrosion.
   ^Drain:    It drains your maximum health when unequipped.
 F - a +2 battleaxe
 G - a +0 battleaxe of flaming (weapon)
Missiles
 e - 53 stones (quivered)
 g - 11 poisoned darts
 N - 11 boomerangs
 R - 4 atropa-tipped darts
 S - 2 throwing nets
Armour
 b - a +0 animal skin
 f - a +0 chain mail
 l - a +1 leather armour
 q - a +0 plate armour (worn)
 O - a +2 cloak (worn)
 P - a +2 pair of gloves (worn)
 U - a +0 pair of boots (worn)
Jewellery
 k - a +5 ring of evasion (left hand)
 m - an amulet of magic regeneration
 I - a +6 ring of intelligence
 J - a ring of protection from fire (right hand)
 L - a ring of protection from cold
Wands
 v - a wand of flame (39)
 z - a wand of quicksilver (12)
 T - a wand of charming (5)
Scrolls
 h - 6 scrolls of teleportation
 x - a scroll of immolation
 y - 3 scrolls of enchant weapon
 K - a scroll of vulnerability
 Q - a scroll of poison
Potions
 c - 9 potions of lignification
 i - 4 potions of heal wounds
 j - a potion of enlightenment
 o - 5 potions of haste
 s - 6 potions of brilliance
 t - 3 potions of attraction
 A - 2 potions of degeneration
 B - a potion of invisibility {unknown}
 C - 6 potions of curing
 D - 2 potions of mutation {unknown}
 E - 3 potions of resistance {unknown}
 H - a potion of berserk rage {unknown}
 V - a potion of magic {unknown}


   Skills:
 + Level 11.5 Fighting
 * Level 15.5 Axes
 + Level 11.0 Armour
 + Level 10.2 Dodging


You had 11 spell levels left.
You didn't know any spells.
Your spell library was empty.

Dungeon Overview and Level Annotations

Branches:
Dungeon (12/15)            Temple (0/1) D:6            Lair (0/5) D:8
    Orc (1/2) D:12        Ossuary (visited)

Altars:
Elyvilon
Gozag
Hepliaklqana
Kikubaaqudgha
Qazlal
Sif Muna
Trog
Xom
Zin
Beogh

Shops:
D:9 *   D:11 [

Annotations:
D:4 3 runed translucent doors, CougarLife's ghost, amateur GrEE
D:10 4 transporters
Orc:1 Sonja


Innate Abilities, Weirdness & Mutations

You have a pair of horns on your head.
You reflexively headbutt those who attack you in melee.
[You sometimes lose your temper in combat.]
[You are very dopey. (Int -4)]
[You are extremely frail. (-30% HP)]
[You are very weak. (Str -4)]
[You are vulnerable to cold. (rC-)]


Message History

You regained 2 hp, and now have 76/77 hp.
Health restored: 77 Your skin stops crawling.
You feel less strong-willed.
The phantasmal warrior barely misses you.
You furiously retaliate!
You headbutt the phantasmal warrior. The phantasmal warrior hits you!
You take 9 damage, and have 68/77 hp.
You hit the phantasmal warrior but do no damage.
You headbutt the phantasmal warrior.
The phantasmal warrior is lightly damaged.
You feel yourself speed up. The phantasmal warrior hits you!!
Your willpower is stripped away!
You take 21 damage, and have 47/77 hp.
MASSIVE DAMAGE!!
You hit the phantasmal warrior. You burn the phantasmal warrior.
Your headbutt misses the phantasmal warrior.
The phantasmal warrior is lightly damaged.
The phantasmal warrior barely misses you.
You slash the phantasmal warrior! You burn the phantasmal warrior!
You headbutt the phantasmal warrior.
The phantasmal warrior is severely damaged.
The phantasmal warrior hits you.
You take 3 damage, and have 44/77 hp.
You hit the phantasmal warrior but do no damage.
The phantasmal warrior is severely damaged.
The phantasmal warrior hits you!
You take 9 damage, and have 35/77 hp.
You hit the phantasmal warrior. You burn the phantasmal warrior.
The phantasmal warrior is severely damaged.
The phantasmal warrior hits you!
* * * LOW HITPOINT WARNING * * *
You take 16 damage, and have 19/77 hp.
MASSIVE DAMAGE!!
You barely miss the phantasmal warrior.
The phantasmal warrior is severely damaged.
You hit the phantasmal warrior but do no damage.
The phantasmal warrior is severely damaged.
The phantasmal warrior hits you but does no damage.
You closely miss the phantasmal warrior.
The phantasmal warrior is severely damaged.
The phantasmal warrior hits you!!
You die...

...# #..#
#.. ##..#
##...##
..... #..#
#.## ##@#
#...W......
#..........
#..........
#######'###
.# . #


You could see a phantasmal warrior.

Vanquished Creatures
  A hydra (D:12)
  A centaur warrior (D:11)
  3 two-headed ogres
  A wretched star (Abyss:1)
  A flayed ghost (Abyss:1)
  A phantasmal warrior (Abyss:1)
  An ugly thing (D:12)
  A cyclops (D:12)
  2 gargoyles (D:12)
  4 smoke demons
  An ice devil (D:12)
  A red devil (D:12)
  2 trolls
  3 hornets
  4 slime creatures (D:12)
  A wraith (D:12)
  A wyvern (D:11)
  A vampire (D:12)
  A ynoxinul (D:12)
  10 yaks
  A basilisk (D:12)
  2 steam dragons
  A chaos spawn (D:12)
  2 vampire mosquitoes (D:12)
  4 water moccasins
  A small abomination (Abyss:1)
  3 acid dragons
  7 orc warriors
  2 sky beasts
  3 black bears
  3 centaurs
  2 phantoms (D:6)
  A kobold brigand (D:8)
  6 bullfrogs
  4 scorpions
  A gnoll sergeant (D:10)
  11 wights
  A burial acolyte (Ossuary)
  The ghost of Fodor the Trooper, a weakling MiFi (D:3)
  10 killer bees
  A quasit (Abyss:1)
  A gnoll bouda (D:7)
  A hound (D:6)
  2 jellies
  4 orc priests
  2 sleepcaps
  Terence (D:3)
  11 orc wizards
  An iguana (D:7)
  A mummy (D:4)
  11 gnolls
  11 adders
  A shadow imp (D:6)
  A white imp (D:7)
  3 ufetubi
  An adder skeleton (Ossuary)
  4 dart slugs
  2 ribbon worms
  34 orcs
  9 ball pythons
  9 endoplasms
  5 giant cockroaches
  3 goblins
  7 hobgoblins
  3 jackals (D:2)
  5 quokkas
  2 ball python skeletons (Ossuary)
  9 bats
  4 frilled lizards
  A goblin zombie (D:4)
  A hobgoblin zombie (D:4)
  13 kobolds
  3 kobold skeletons (Ossuary)
  2 orc skeletons (Ossuary)
  8 rats
284 creatures vanquished.

Vanquished Creatures (collateral kills)
  A red devil (D:12)
1 creature vanquished.

Vanquished Creatures (others)
  A human (D:4)
1 creature vanquished.

Grand Total: 286 creatures vanquished

Notes
Turn   | Place    | Note
-------+----------+-------------------------------------------
     0 | D:1      | jasper the Minotaur Berserker began the quest for the Orb.
     0 | D:1      | Reached XP level 1. HP: 19/19 MP: 0/0
    46 | D:1      | Reached skill level 4 in Axes
    46 | D:1      | Reached XP level 2. HP: 24/27 MP: 1/1
   145 | D:1      | Found a faded altar of an unknown god.
   531 | D:1      | Reached XP level 3. HP: 31/33 MP: 2/2
   686 | D:1      | Reached ** piety under Trog
  1028 | D:2      | Reached XP level 4. HP: 41/41 MP: 3/3
  1108 | D:2      | Reached skill level 5 in Axes
  1190 | D:2      | Found a stormy altar of Qazlal.
  1704 | D:3      | Noticed Terence
  1715 | D:3      | Killed Terence
  1883 | D:3      | Found a runed translucent gate.
  1883 | D:3      | Found a runed translucent gate.
  1883 | D:3      | Found a runed translucent gate.
  1919 | D:3      | Found an opulent altar of Gozag.
  2166 | D:3      | Reached XP level 5. HP: 47/47 MP: 4/4
  2226 | D:3      | Noticed Fodor's ghost (weakling MiFi)
  2367 | D:3      | Killed Fodor's ghost
  2512 | D:4      | Identified the +7 mace "Laproogim" {vamp, ^Drain rCorr
                  | Dex+3}
  2538 | D:4      | Found a sand-covered staircase.
  2566 | Ossuary  | Entered an ossuary
  2694 | Ossuary  | Reached skill level 5 in Fighting
  2694 | Ossuary  | Reached skill level 6 in Axes
  2694 | Ossuary  | Reached XP level 6. HP: 39/56 MP: 5/5
  2694 | Ossuary  | Reached *** piety under Trog
  3280 | D:4      | Found a runed translucent gate.
  3280 | D:4      | Found a runed translucent gate.
  3280 | D:4      | Found a runed translucent gate.
  3280 | D:4      | Noticed CougarLife's ghost (amateur GrEE)
  3394 | D:4      | Found an ancient bone altar of Kikubaaqudgha.
  3394 | D:4      | Noticed a human
  3398 | D:4      | Killed a human
  3414 | D:4      | Reached XP level 7. HP: 61/61 MP: 6/6
  3497 | D:5      | Entered Level 5 of the Dungeon
  3570 | D:5      | Reached skill level 7 in Axes
  3683 | D:5      | Found a shimmering altar of Xom.
  3745 | D:5      | Found a hazy altar of Hepliaklqana.
  4198 | D:6      | Reached skill level 5 in Armour
  4198 | D:6      | Reached skill level 5 in Dodging
  4199 | D:6      | Reached skill level 8 in Axes
  4318 | D:6      | Reached XP level 8. HP: 70/70 MP: 7/7
  4388 | D:6      | Reached skill level 9 in Axes
  4544 | D:6      | Reached XP level 9. HP: 79/79 MP: 8/8
  4544 | D:6      | Found a glowing silver altar of Zin.
  4608 | D:6      | Found a staircase to the Ecumenical Temple.
  4609 | D:6      | Identified the +8 dagger "Lamniergh" {antimagic, Str+3
                  | Int+3}
  4628 | D:6      | Reached skill level 10 in Axes
  4974 | D:7      | Found a stormy altar of Qazlal.
  4995 | D:7      | Reached **** piety under Trog
  5785 | D:8      | Found a shimmering blue altar of Sif Muna.
  5894 | D:8      | Reached skill level 11 in Axes
  5931 | D:8      | Found a staircase to the Lair.
  6260 | D:8      | Found a white marble altar of Elyvilon.
  6394 | D:8      | Reached XP level 10. HP: 90/90 MP: 9/9
  7378 | D:9      | Reached skill level 12 in Axes
  7929 | D:9      | Found Beown's Serpentskin Sales.
  7940 | D:9      | Bought a scroll of poison for 60 gold pieces
  8115 | D:10     | Entered Level 10 of the Dungeon
  8208 | D:10     | Noticed a two-headed ogre
  8216 | D:10     | Killed a two-headed ogre
  8501 | D:10     | Found a transporter.
  8504 | D:10     | Found a transporter.
  8504 | D:10     | Found a transporter.
  8585 | D:10     | Found a bloodstained altar of Trog.
  8852 | D:10     | Found a transporter.
  8974 | D:10     | Reached skill level 13 in Axes
  9458 | D:11     | Noticed a centaur warrior
  9465 | D:11     | Killed a centaur warrior
  9466 | D:11     | Reached XP level 11. HP: 58/99 MP: 10/10
  9647 | D:11     | Noticed a two-headed ogre
  9654 | D:11     | Killed a two-headed ogre
  9655 | D:11     | Reached skill level 10 in Fighting
 10065 | D:11     | Found Bauciste's Armour Boutique.
 10072 | D:11     | Bought a +0 pair of boots for 63 gold pieces
 10121 | D:12     | Noticed a four-headed hydra
 10126 | D:12     | Killed a one-headed hydra
 10155 | D:12     | Found a staircase to the Orcish Mines.
 10292 | D:12     | Reached ***** piety under Trog
 10335 | D:12     | Reached skill level 14 in Axes
 10542 | D:12     | Found a roughly hewn altar of Beogh.
 10544 | D:12     | Noticed a red ugly thing
 10561 | D:12     | Killed a red ugly thing
 10670 | D:12     | Reached skill level 10 in Armour
 10766 | D:12     | Noticed a two-headed ogre
 10772 | D:12     | Killed a two-headed ogre
 11186 | D:12     | Reached skill level 15 in Axes
 11295 | D:12     | Reached skill level 10 in Dodging
 11465 | Orc:1    | Entered Level 1 of the Orcish Mines
 11465 | Orc:1    | Noticed Sonja
 11488 | Orc:1    | Noticed an orc knight
 11489 | Abyss:1  | Cast into level 1 of the Abyss (Sonja)
 11569 | Abyss:1  | Reached XP level 12. HP: 102/110 MP: 11/11
 11677 | Abyss:1  | Noticed a Hell Sentinel
 11788 | Abyss:1  | Mangled by a phantasmal warrior

Illustrated notes

Levels and vault maps discovered:
D:1:      dpeg_arrival_long_road, layout_basic, ebering_ecumenical_altar_box
D:2:      layout_loops_ring, basic_altar, dk_vineyard_3, minmay_bisected
D:3:      layout_basic, grunt_gozag_statues, ebering_ghost_rock_garden,
          uniq_terence
D:4:      layout_cave_pools, tgw_kikubaaqudgha, gammafunk_ghost_necromancy,
          nicolae_ossuary_entry_giza, grunt_ministairs_10
D:5:      layout_basic, mainiacjoe_overflow_boulevard, xom_teletrap_fun,
          lemuel_flamethrower_2
D:6:      layout_rooms, zin_statuary, minmay_temple_entry_junction
D:7:      layout_loops_corners, mainiacjoe_overflow_concentric_impassable,
          serial_park_tiny_pond
D:8:      layout_basic, mainiacjoe_overflow_alcove_1,
          nicolae_overflow_crystal_walls, due_lair_maze_entry_diamond
D:9:      layout_basic, minivault_27, guppyfry_shop_venom
D:10:     layout_irregular_city, general_overflow_altar,
          nicolae_diode_intersection
D:11:     layout_loops_ring, serial_shops, nicolae_stop_n_shop_2
D:12:     layout_loops_ring, minmay_orc_entry_temple_small, serial_demonic,
          serial_demonic_g, serial_demonic_b, serial_demonic_f, serial_demonic_g
Orc:1:    layout_caves, uniq_sonja
Abyss:1:  base:
D:13

Skill      XL: |  1  2  3  4  5  6  7  8  9 10 11 12 |
---------------+-------------------------------------+-----
Axes           | 4 5 6 8 9 11 13 15 | 15.5
Fighting       | 4 5 6 7 8 9 11 | 11.5
Dodging        | 3 4 5 6 7 8 10 | 10.2
Armour         | 3 4 5 6 7 9 10 11 | 11.0

Action                     |  1- 3 |  4- 6 |  7- 9 | 10-12 || total
---------------------------+-------+-------+-------+-------++-------
  Melee: Hand axe          |    74 |    20 |       |       ||    94
         Headbutt          |    11 |    16 |    42 |    60 ||   129
         War axe           |       |   115 |   115 |       ||   230
         Battleaxe         |       |       |    94 |   284 ||   378
  Throw: Stone             |       |    10 |       |     1 ||    11
 Invoke: Berserk           |       |     3 |     1 |     5 ||     9
         Trog's Hand       |       |     1 |     3 |     6 ||    10
         Brothers in Arms  |       |       |       |     1 ||     1
  Evoke: Wand              |       |       |       |     5 ||     5
    Use: Scroll            |       |    10 |     1 |     9 ||    20
   Stab: Sleeping          |     1 |       |       |       ||     1
 Armour: Animal skin       |    37 |       |       |       ||    37
         Leather armour    |       |    24 |       |       ||    24
         Plate armour      |       |    72 |   161 |   293 ||   526
         Chain mail        |       |     8 |       |       ||     8
  Dodge: Dodged            |    56 |    49 |   144 |   224 ||   473

Table legend: (Time is in decaauts)
 A = Elapsed time spent in this place.
 B = Non-inter-level travel time spent in this place.
 C = Inter-level travel time spent in this place.
 D = Time resting spent in this place.
 E = Time spent auto-exploring this place.
 F = Levels seen in this place.
 G = Mean time per level.
                   A        B        C        D        E       F      G
               +--------+--------+--------+--------+--------+-----+--------+
         Total |  11959 |  11556 |    403 |   1576 |   7662 |  15 |  797.3 |
       Dungeon |  11109 |  10707 |    402 |   1374 |   7306 |  12 |  925.8 |
  Orcish Mines |      8 |      8 |      0 |      0 |      0 |   1 |    8.0 |
         Abyss |    322 |    322 |      0 |    153 |     21 |   1 |  322.0 |
       Ossuary |    518 |    518 |      0 |     48 |    335 |   1 |  518.0 |
               +--------+--------+--------+--------+--------+-----+--------+

Top non-repeatable levels by time:
    D:12: 1309 daAuts
     D:9: 1213 daAuts
     D:8: 1198 daAuts
    D:10: 1083 daAuts
    D:11: 1003 daAuts
     D:2: 903 daAuts
     D:7: 849 daAuts
     D:1: 808 daAuts
     D:3: 752 daAuts
     D:6: 742 daAuts
     D:5: 661 daAuts
     D:4: 583 daAuts
 Ossuary: 518 daAuts
 Abyss:1: 322 daAuts
   Orc:1: 8 daAuts
